 Dungeon Crawl Stone Soup version 0.29.1-4-g47bece8355 (webtiles) character file.

Game seed: 3455061376618265451

66 sanboga the Conjurer (level 3, -2/19 HPs)
             Began as a Deep Elf Conjurer on Dec 9, 2022.
             Slain by a scorpion (6 damage)
             ... on level 4 of the Dungeon.
             The game lasted 00:03:29 (3074 turns).

sanboga the Conjurer (Deep Elf Conjurer)            Turns: 3074, Time: 00:03:30

Health: -2/19      AC:  4    Str:  4    XL:     3   Next: 96%
Magic:  4/10       EV: 13    Int: 24    God:
Gold:   114        SH:  0    Dex: 13    Spells: 6/9 levels left

rFire   . . .      SeeInvis .   (no weapon)
rCold   . . .      Faith    .   (no shield)
rNeg    . . .      Spirit   .   a - +0 robe
rPois   .          Reflect  .   (no helmet)
rElec   .          Harm     .   (no cloak)
rCorr   .          Rampage  .   d - +1 pair of gloves
Will    .....                   (no boots)
Stlth   ++........              (no amulet)
HPRegen 0.06/turn               (no ring)
MPRegen 0.12/turn               (no ring)

@: lethally poisoned (-2 -> -12)
A: no striking features
a: no special abilities


You were on level 4 of the Dungeon.
You visited 1 branch of the dungeon, and saw 4 of its levels.

You collected 114 gold pieces.

Inventory:

Armour
 a - a +0 robe (worn)
 d - a +1 pair of gloves (worn)
Jewellery
 h - a +6 ring of intelligence
 l - a ring of protection from fire
 r - a ring of willpower
Scrolls
 g - 5 scrolls of teleportation
 s - a scroll of blinking
Potions
 b - 2 potions of magic
 c - a potion of ambrosia {unknown}
 e - 4 potions of curing
 j - 2 potions of lignification
 m - a potion of flight
 p - a potion of heal wounds {unknown}
 q - a potion of might {unknown}


   Skills:
 + Level 3.3 Dodging
 - Level 2.4 Stealth
 + Level 3.8 Spellcasting
 * Level 5.3 Conjurations


You had 6 spell levels left.
You knew the following spells:

 Your Spells              Type           Power      Damage    Failure   Level
a - Magic Dart            Conj           100%       1d8       1%          1
b - Searing Ray           Conj           60%        2d6       1%          2

Your spell library contained the following spells:

 Spells                   Type           Power      Damage    Failure   Level
 Dazzling Flash           Conj/Hex       34%        N/A       10%         3
 Gell's Gravitas          Tloc           4%         N/A       30%         3
 Teleport Other           Tloc           4%         N/A       30%         3
 Fulminant Prism          Conj/Hex       8%         3d7       32%         4
 Iskenderun's Mystic Bla  Conj/Tloc      17%        2d5       32%         4
 Summon Lightning Spire   Summ/Air       4%         N/A       69%         4
 Dispersal                Tloc           2%         N/A       100%        6
 Storm Form               Tmut/Air       2%         N/A       100%        7
 Maxwell's Capacitive Co  Air            2%         ∞         100%        8


Dungeon Overview and Level Annotations

Branches:
Dungeon (4/15)
 Temple: D:4-7

Altars:


Message History

You climb upwards.
There is a stone staircase leading down here.
There is an escape hatch in the floor here.
You slide downwards.
The hatch slams shut behind you.
You hear the sound of rushing water.
There is an entrance to a sewer on this level.
Hurry and find it before the portal rusts away!
The hobgoblin shouts!
You hear a shout!
You hear a howl!
Found 15 gold pieces.
Casting: Magic Dart (safe; 1% risk of failure)
Confirm with . or Enter, or press ? or * to list all spells.
Aiming: Magic Dart (safe; 1% risk of failure)
Press: ? - help, Shift-Dir - straight line, f - hobgoblin
Aim: a hobgoblin (100% to hit)
The magic dart hits the hobgoblin.
You kill the hobgoblin!
A scorpion comes into view.
Casting: Magic Dart (safe; 1% risk of failure)
Confirm with . or Enter, or press ? or * to list all spells.
Aiming: Searing Ray (safe; 1% risk of failure)
Press: ? - help, Shift-Dir - straight line, f - scorpion
Aim: a scorpion (wandering, hasn't noticed you, 79% to hit)
The searing ray misses the scorpion. (Press . to maintain the ray.)
The searing ray hits the scorpion.
The scorpion is moderately wounded.
The searing ray hits the scorpion!
The scorpion is severely wounded.
A goblin comes into view. It is wielding a +0 dagger.
The scorpion stings you.
You are lethally poisoned!
The scorpion poisons you!
The searing ray hits the scorpion but does no damage.
The scorpion is severely wounded.
You finish channelling your searing ray.
You feel very sick.
The scorpion stings you but does no damage.
You feel sick. The scorpion stings you.
* * * LOW HITPOINT WARNING * * *
The goblin misses you. The scorpion stings you.
You die...

#######
.......##
#.....#
#†g$#
#s@# ##.#
#.. ##.#
.# .# .#
.#


You could see a scorpion and a goblin.

Vanquished Creatures
  3 adders (D:3)
  A dart slug (D:1)
  An orc (D:3)
  4 ball pythons
  3 bats
  6 endoplasms
  2 goblins
  3 hobgoblins
  2 jackals (D:1)
  2 frilled lizards (D:2)
  4 kobolds (D:1)
  5 rats
36 creatures vanquished.

Notes
Turn   | Place    | Note
-------+----------+-------------------------------------------
     0 | D:1      | sanboga the Deep Elf Conjurer began the quest for the Orb.
     0 | D:1      | Reached XP level 1. HP: 10/10 MP: 6/6
   529 | D:1      | Reached XP level 2. HP: 15/15 MP: 4/8
   532 | D:1      | Learned a level 2 spell: Searing Ray
  1933 | D:2      | Reached skill level 5 in Conjurations
  2227 | D:3      | Reached XP level 3. HP: 19/19 MP: 7/10
  2388 | D:3      | Found a faded altar of an unknown god.
  3069 | D:4      | Noticed a scorpion
  3074 | D:4      | Slain by a scorpion

Illustrated notes

Levels and vault maps discovered:
D:1:      nagdon_arrival_double_spiral, layout_basic
D:2:      minmay_door_path, layout_basic, corexii_corridor_pit
D:3:      layout_basic, hellmonk_ecumenical_altar_slurped_away,
          minmay_misc_feat_pillars
D:4:      layout_loops_cross, mainiacjoe_overflow_catwalk_spiral,
          minmay_temple_entry_glassed_door, portal_sewer_entry_b,
          serial_demonic, serial_demonic_e, serial_demonic_c, serial_demonic_f,
          serial_demonic_f, minmay_manual_moon

Skill      XL: |  1  2 |
---------------+-------+-----
Dodging        | 3 |  3.3
Conjurations   | 5 |  5.3
Stealth        | |  2.4
Spellcasting   | |  3.8

Action                   || total
-------------------------++-------
 Cast: Magic Dart        ||    72
       Searing Ray       ||     1
  Use: Scroll            ||     9
Armor: Robe              ||     2
Dodge: Dodged            ||     3
